Map: Monobattle LotV - Map Rotation

Players

deadbeef

  • Race: Zerg Zerg
  • League: Diamond
  • Spawn Location: 12:00

UltraMaster

  • Race: Zerg Zerg
  • League: Diamond
  • Spawn Location: 11:00

Johnzn

  • Race: Protoss Protoss
  • Spawn Location: 11:00

pstrange

  • Race: Protoss Protoss
  • Spawn Location: 11:00

SenseiKensei

  • Race: Protoss Protoss
  • Spawn Location: 6:00

Myhome

  • Race: Protoss Protoss
  • League: Diamond
  • Spawn Location: 5:00

Yata

  • Race: Protoss Protoss
  • League: Platinum
  • Spawn Location: 5:00

SHreddedWInd

  • Race: Zerg Zerg
  • League: Diamond
  • Spawn Location: 5:00

VOD

Have the link to the VOD?

Description

Time

  • Played on: Nov. 5, 2017, 5:13 p.m.
  • Length: 14:24
Show
View Real Time Build Order
Export as new Build Order

deadbeef Zerg 

Build Orders: Hatch First 

Get SALT Encoding   

  12  0:06  Drone  
  13  0:19  Drone  
  14  0:31  Overlord  
  14  1:03  Drone x3  
  17  1:16  Hatchery, Unknown  
  16  1:38  Spawning Pool  
  16  1:41  Extractor  
  14  1:44  Drone  
  14  1:50  Drone  
  16  1:59  Drone  
  17  2:15  Drone  
  17  2:22  Drone  
  19  2:34  Drone  
  20  2:44  Queen  
  20  2:51  Overlord  
  22  2:56  Unknown  
  22  3:08  Drone  
  22  3:09  Drone  
  24  3:14  Overlord  
  24  3:21  Zergling x2  
  25  3:31  Zergling x2  
  26  3:35  Metabolic Boost  
  26  3:48  Evolution Chamber  
  25  3:56  Zergling x2  
  25  3:57  Zergling x4  
  28  4:09  Queen  
  28  4:13  Drone x2  
  31  4:14  Drone  
  31  4:21  Zergling x6  
  36  4:44  Zergling x2  
  36  4:45  Zergling x4  
  39  4:53  Drone  
  40  5:13  Drone  
  40  5:14  Drone x2  
  43  5:30  Zerg Ground Armor Level 1  
  43  5:35  Evolution Chamber  
  42  5:47  Drone x2  
  42  5:50  Overlord x2  
  42  5:51  Overlord  
  44  6:03  Hatchery, Unknown  
  43  6:26  Drone x5  
  43  6:27  Drone  
  49  6:48  Zerg Melee Weapons Level 1  
  49  6:57  Extractor  
  49  6:58  Drone x5  
  53  7:17  Drone x3  
  56  7:33  Zergling x4  
  58  7:34  Zergling x4  
  58  7:42  Lair  
  60  7:43  Unknown  
  60  7:45  Hatchery, Unknown  
  60  7:50  Spine Crawler  
  58  7:55  Spore Crawler  
  57  8:11  Drone x3  
  57  8:12  Drone x5  
  57  8:13  Drone x2  
  67  8:38  Zergling x2  
  67  8:39  Zergling x8  
  67  8:40  Zergling x2  
  71  9:09  Zergling x2  
  71  9:10  Zergling x2  
  73  9:23  Nydus Network  
  72  9:25  Unknown  
  72  9:28  Hatchery, Unknown  
  72  9:30  Infestation Pit  
  70  9:34  Zerg Melee Weapons Level 2  
  70  9:40  Queen  
  72  9:51  Extractor  
  72  9:53  Extractor  
  70  9:57  Drone x4  
  70  10:00  Overlord x4  
  70  10:01  Overlord x2  
  74  10:16  Spine Crawler  
  74  10:17  Spine Crawler  
  74  10:22  Spine Crawler  
  71  10:30  Drone x4  
  75  10:39  Zergling x2  
  75  10:40  Zergling x10  
  75  10:41  Zergling x8  
  75  10:43  Queen  
  87  10:51  Zerg Ground Armor Level 2  
  87  10:54  Hive  
  87  11:08  Unknown  
  87  11:23  Pneumatized Carapace  
  87  11:32  Drone x4  
  87  11:33  Drone  
  92  11:34  Zergling x2  
  92  11:35  Zergling x12  
  92  11:36  Zergling x16  
  92  11:37  Zergling x2  
  108  12:02  Spine Crawler  
  107  12:14  Zergling x2  
  107  12:15  Zergling x14  
  107  12:16  Zergling x14  
  122  12:28  Nydus Network  
  122  12:32  Extractor  
  120  12:34  Extractor  
  120  12:37  Extractor, Drone  
  120  12:38  Drone x3  
  121  12:58  Zergling x2  
  121  12:59  Zergling x12  
  85  13:24  Zergling x6  
  85  13:25  Zergling x10  
  85  13:26  Zergling x4  
  93  13:35  Zergling x2  
  93  13:36  Zergling x8  
  93  13:37  Zergling x12  
  103  13:52  Hatchery, Unknown  
  95  14:07  Zergling x2  
  95  14:08  Zergling x12  
  95  14:09  Zergling x4  
  104  14:14  Overlord  
  104  14:26  Drone  
  104  14:27  Drone x3  
  104  14:33  Nydus Canal  
  107  14:48  Drone  
  107  14:49  Drone x3  
  110  15:07  Nydus Canal  
  104  15:54  Zergling x2  
  104  15:55  Zergling x16  
  104  15:56  Zergling x16  
  104  15:59  Overlord  
  104  16:00  Overlord x2  
  116  16:05  Adrenal Glands  
  116  16:12  Queen  
  73  17:15  Zergling x2  
  73  17:16  Zergling x16  
  73  17:17  Zergling x16  
  73  17:18  Zergling x2  
  91  17:29  Hatchery, Unknown  
  90  17:37  Zergling x2  
  90  17:38  Zergling x6  
  94  17:54  Zergling x8  
  98  18:15  Zergling x4  
  98  18:16  Zergling x4  
  90  18:43  Zergling x2  
  80  18:44  Zergling x12  
  80  18:45  Zergling x16  
  80  18:46  Zergling x4  
  95  19:09  Unknown  
  95  19:12  Spine Crawler  
  94  19:16  Drone x4  
  94  19:17  Spine Crawler, Drone x2  
  94  19:19  Overlord x3  
Show
View Real Time Build Order
Export as new Build Order

UltraMaster Zerg 

Build Orders: Pool First 

Get SALT Encoding   

  12  0:05  Drone  
  13  0:23  Overlord  
  13  0:34  Drone  
  14  0:50  Drone x2  
  16  0:55  Drone  
  17  1:18  Drone  
  17  1:23  Spawning Pool  
  17  1:25  Extractor  
  17  1:26  Drone  
  17  1:53  Hatchery, Unknown  
  16  2:03  Drone x2  
  18  2:20  Extractor  
  18  2:22  Overlord  
  17  2:29  Overlord  
  17  2:41  Queen  
  19  2:59  Drone  
  19  3:00  Drone  
  21  3:09  Drone  
  22  3:32  Drone  
  22  3:33  Unknown, Lair  
  23  3:42  Queen  
  25  3:47  Drone  
  25  3:52  Drone  
  27  3:57  Drone  
  28  4:07  Drone  
  28  4:08  Drone  
  28  4:13  Drone  
  31  4:21  Evolution Chamber  
  30  4:29  Drone  
  30  4:30  Drone  
  32  4:34  Drone  
  32  4:41  Drone  
  34  4:50  Drone x3  
  37  4:55  Drone  
  37  5:02  Zerg Missile Weapons Level 1  
  38  5:04  Drone  
  38  5:09  Drone  
  40  5:14  Drone  
  40  5:15  Drone  
  40  5:20  Overlord  
  42  5:28  Overlord  
  42  5:38  Hydralisk Den  
  41  5:51  Drone x4  
  45  5:54  Extractor  
  45  5:55  Extractor  
  45  5:59  Drone x3  
  46  6:08  Overlord x2  
  46  6:37  Drone x2  
  48  6:49  Hydralisk x3  
  48  6:50  Hatchery, Unknown  
  53  6:59  Drone x2  
  55  7:24  Drone  
  55  7:25  Hatchery, Unknown  
  55  7:36  Drone x4  
  55  7:37  Drone x3  
  55  7:42  Drone  
  63  7:53  Hydralisk  
  65  8:07  Pneumatized Carapace  
  65  8:08  Unknown  
  65  8:09  Hydralisk x2  
  65  8:10  Hydralisk x3  
  75  8:13  Zerg Missile Weapons Level 2  
  75  8:23  Evolution Chamber  
  74  8:26  Drone  
  74  8:30  Unknown  
  74  8:31  Drone x2  
  74  8:32  Drone x2  
  79  8:40  Overlord  
  79  8:53  Hydralisk  
  81  8:58  Overlord x2  
  81  8:59  Overlord  
  81  9:05  Unknown  
  81  9:06  Queen  
  81  9:10  Queen  
  85  9:14  Hydralisk  
  85  9:15  Hydralisk x3  
  85  9:19  Overlord  
  85  9:20  Overlord  
  91  9:41  Hydralisk  
  91  9:42  Hydralisk x5  
  99  9:49  Zerg Ground Armor Level 1  
  99  9:59  Extractor  
  99  10:00  Drone x4  
  99  10:01  Extractor, Drone  
  102  10:20  Overlord x3  
  102  10:21  Overlord  
  102  10:23  Spine Crawler, Hydralisk x2  
  105  10:34  Hydralisk x3  
  109  10:59  Hydralisk x3  
  109  11:00  Hydralisk x5  
  125  11:22  Drone x4  
  125  11:23  Drone  
  130  11:48  Hatchery, Unknown  
  130  11:50  Hydralisk  
  130  11:51  Hydralisk x8  
  137  12:10  Infestation Pit  
  136  12:34  Overlord x3  
  136  12:35  Overlord x3  
  128  12:45  Hydralisk  
  128  12:46  Hydralisk x6  
  128  12:47  Hydralisk  
  144  13:19  Hive  
  144  13:21  Hydralisk  
  144  13:22  Hydralisk x6  
  158  13:23  Hydralisk  
  158  13:28  Unknown  
  160  13:35  Hydralisk x2  
  160  13:42  Hydralisk  
  160  13:43  Hydralisk  
  166  13:52  Burrow  
  166  13:55  Queen  
  168  14:05  Zerg Ground Armor Level 2  
  168  14:26  Hydralisk  
  168  14:27  Hydralisk x7  
  184  15:06  Hydralisk  
  184  15:07  Hydralisk x7  
  182  15:34  Hydralisk  
  182  15:35  Hydralisk x8  
  174  16:12  Hydralisk  
  174  16:13  Hydralisk x8  
  182  16:14  Hydralisk  
  180  16:29  Zerg Missile Weapons Level 3  
  158  16:48  Hydralisk  
  158  16:49  Hydralisk x3  
  166  16:58  Extractor  
  166  16:59  Extractor  
  154  17:14  Hydralisk x18  
  154  17:15  Hydralisk x14  
  154  17:19  Hydralisk  
  154  17:20  Hydralisk x6  
  154  17:21  Hydralisk  
  168  17:42  Hydralisk  
  168  17:43  Hydralisk x4  
  172  17:59  Hydralisk x4  
  174  18:38  Hydralisk  
  174  18:39  Hydralisk x10  
  196  18:55  Hydralisk x2  
  184  19:28  Hydralisk  
  184  19:29  Hydralisk x6  
Show
View Real Time Build Order
Export as new Build Order

Johnzn Protoss 

Build Orders:  

Get SALT Encoding   

  6  0:02  Probe (Chrono Boost)  
  13  0:18  Probe (Chrono Boost)  
  14  0:33  Probe (Chrono Boost)  
  15  0:36  Pylon  
  15  0:47  Pylon  
  15  1:01  Probe (Chrono Boost)  
  16  1:13  Forge  
  16  1:25  Gateway  
  16  1:30  Probe (Chrono Boost)  
  17  1:45  Probe (Chrono Boost)  
  17  1:50  Pylon  
  18  2:00  Probe (Chrono Boost)  
  19  2:15  Probe (Chrono Boost)  
  19  2:17  Photon Cannon  
  20  2:30  Probe (Chrono Boost)  
  20  2:32  Assimilator  
  21  2:35  Assimilator  
  21  2:37  Cybernetics Core  
  21  2:52  Probe (Chrono Boost)  
  22  3:06  Probe (Chrono Boost)  
  23  3:25  Nexus, Unknown  
  23  3:45  Pylon  
  25  4:00  Stargate  
  23  4:09  Probe (Chrono Boost)  
  24  4:14  Assimilator  
  24  4:22  Assimilator  
  24  4:24  Probe (Chrono Boost)  
  25  4:39  Probe (Chrono Boost)  
  25  4:40  Pylon  
  26  4:52  Pylon  
  27  4:53  Probe (Chrono Boost)  
  27  5:02  Void Ray  
  31  5:05  Unknown  
  31  5:08  Probe (Chrono Boost)  
  31  5:11  Probe (Chrono Boost)  
  33  5:23  Probe (Chrono Boost)  
  34  5:26  Probe (Chrono Boost)  
  34  5:30  Stargate  
  35  5:38  Probe (Chrono Boost)  
  35  5:40  Probe (Chrono Boost)  
  37  5:51  Protoss Air Weapons Level 1 (Chrono Boost)  
  37  5:52  Probe (Chrono Boost)  
  38  5:59  Probe  
  39  6:09  Probe  
  40  6:14  Probe  
  41  6:26  Probe  
  41  6:29  Probe  
  41  6:31  Pylon  
  43  6:43  Probe x2  
  44  6:53  Stargate  
  45  6:57  Stargate  
  45  6:58  Probe  
  45  7:00  Probe  
  47  7:10  Void Ray  
  47  7:13  Probe  
  51  7:18  Void Ray  
  56  7:27  Pylon  
  56  7:28  Pylon  
  56  7:32  Mothership Core, Probe  
  59  7:44  Pylon  
  59  7:46  Pylon  
  59  7:57  Void Ray  
  63  8:12  Void Ray  
  67  8:20  Pylon  
  67  8:50  Nexus, Unknown  
  67  8:51  Void Ray  
  71  8:55  Pylon  
  71  8:56  Probe  
  71  9:00  Pylon, Probe  
  73  9:09  Assimilator  
  73  9:12  Assimilator  
  73  9:13  Probe  
  74  9:15  Probe  
  74  9:19  Void Ray  
  79  9:30  Probe  
  80  9:43  Fleet Beacon  
  80  9:46  Probe  
  80  9:48  Pylon, Probe  
  82  9:55  Void Ray  
  86  10:09  Void Ray  
  90  10:16  Probe  
  90  10:18  Probe  
  92  10:29  Void Ray  
  92  10:30  Unknown  
  92  10:31  Probe  
  97  10:35  Protoss Shields Level 1  
  97  10:36  Probe  
  98  11:03  Robotics Facility, Probe  
  98  11:05  Probe  
  98  11:07  Stargate  
  100  11:14  Probe  
  100  11:17  Void Ray  
  100  11:18  Probe  
  106  11:29  Void Ray  
  110  11:45  Probe  
  110  11:47  Probe  
  110  11:50  Void Ray (Chrono Boost)  
  110  11:51  Void Ray (Chrono Boost)  
  120  12:12  Observer  
  129  12:33  Void Ray (Chrono Boost)  
  129  12:40  Void Ray (Chrono Boost)  
  129  12:41  Observer  
  130  13:03  Void Ray (Chrono Boost)  
  134  13:05  Pylon  
  134  13:08  Pylon  
  134  13:10  Pylon, Void Ray (Chrono Boost)  
  134  13:11  Observer  
  134  13:12  Pylon  
  143  13:15  Pylon  
  143  13:16  Pylon  
  143  13:18  Pylon, Void Ray (Chrono Boost)  
  143  13:20  Pylon  
  143  13:21  Pylon  
  143  13:40  Void Ray x2 (Chrono Boost)  
  139  14:01  Void Ray (Chrono Boost)  
  143  14:07  Twilight Council  
  143  14:21  Void Ray (Chrono Boost)  
  151  14:34  Void Ray (Chrono Boost)  
  151  14:38  Nexus, Unknown  
  151  14:39  Protoss Air Weapons Level 2 (Chrono Boost)  
  151  14:41  Pylon x2  
  151  14:44  Pylon  
  151  14:45  Void Ray  
  151  14:50  Assimilator  
  155  14:57  Assimilator  
  155  15:02  Void Ray  
  159  15:26  Void Ray  
  163  15:50  Void Ray x2  
  171  15:55  Void Ray  
  175  16:11  Void Ray  
  179  16:18  Unknown  
  179  16:40  Void Ray  
  181  16:50  Void Ray x2  
  188  16:57  Void Ray  
  192  17:11  Void Ray  
  192  17:40  Void Ray  
  192  17:50  Void Ray x2  
  200  17:57  Void Ray  
Show
View Real Time Build Order
Export as new Build Order

pstrange Protoss 

Build Orders: Colossus Rush 

Get SALT Encoding   

  12  0:04  Probe (Chrono Boost)  
  13  0:19  Probe (Chrono Boost)  
  14  0:46  Pylon  
  14  0:49  Probe (Chrono Boost)  
  15  1:11  Probe (Chrono Boost)  
  16  1:20  Pylon  
  16  1:23  Gateway  
  16  1:26  Probe (Chrono Boost)  
  17  1:42  Probe (Chrono Boost)  
  18  1:46  Assimilator  
  18  2:13  Assimilator  
  18  2:19  Probe (Chrono Boost)  
  19  2:41  Probe (Chrono Boost)  
  20  2:49  Cybernetics Core  
  20  3:00  Probe (Chrono Boost)  
  21  3:33  Probe (Chrono Boost)  
  22  3:36  Nexus, Unknown  
  22  3:42  Pylon  
  22  3:47  Probe (Chrono Boost)  
  22  3:48  Pylon  
  23  4:02  Robotics Facility  
  23  4:04  Probe (Chrono Boost)  
  23  4:07  Pylon  
  23  4:10  Pylon  
  24  4:24  Probe (Chrono Boost)  
  25  4:40  Robotics Facility  
  25  4:50  Forge  
  25  5:14  Robotics Bay  
  25  5:16  Unknown  
  25  5:18  Probe (Chrono Boost)  
  27  5:25  Mothership Core (Chrono Boost)  
  27  5:32  Probe (Chrono Boost)  
  29  5:38  Protoss Ground Weapons Level 1 (Chrono Boost)  
  29  5:42  Observer  
  30  5:50  Probe  
  31  5:58  Assimilator  
  31  6:03  Assimilator  
  31  6:04  Probe  
  32  6:38  Colossus  
  38  7:01  Pylon  
  38  7:18  Colossus  
  44  7:25  Probe  
  45  7:40  Probe  
  46  8:00  Probe  
  47  8:10  Colossus  
  53  8:15  Probe  
  54  8:42  Colossus  
  60  8:45  Probe  
  61  9:00  Extended Thermal Lance (Chrono Boost), Probe  
  62  9:09  Protoss Ground Armor Level 1 (Chrono Boost)  
  62  9:20  Pylon  
  62  9:21  Pylon  
  62  9:28  Twilight Council, Probe  
  63  9:43  Probe  
  63  9:48  Probe  
  65  9:58  Probe  
  66  10:13  Probe  
  67  10:27  Colossus  
  67  10:28  Colossus  
  67  10:30  Probe  
  80  10:38  Robotics Facility  
  80  10:47  Probe  
  81  11:04  Probe  
  82  11:21  Probe  
  89  11:49  Colossus (Chrono Boost)  
  89  11:53  Pylon  
  89  11:55  Nexus, Unknown  
  89  11:56  Pylon  
  89  11:58  Pylon x2  
  89  11:59  Pylon  
  89  12:01  Protoss Ground Weapons Level 2 (Chrono Boost)  
  89  12:06  Pylon  
  89  12:10  Assimilator  
  89  12:16  Assimilator  
  89  12:19  Colossus (Chrono Boost)  
  101  12:29  Colossus (Chrono Boost)  
  101  13:35  Unknown  
  119  13:44  Colossus (Chrono Boost)  
  119  13:52  Colossus (Chrono Boost)  
  119  13:54  Colossus (Chrono Boost)  
  119  14:05  Forge  
  119  14:08  Probe  
  119  14:09  Probe  
  87  14:23  Probe  
  121  14:25  Probe  
  123  14:38  Probe  
  130  14:54  Colossus (Chrono Boost)  
  136  15:18  Colossus (Chrono Boost)  
  136  15:38  Probe  
  136  15:42  Robotics Facility  
  143  15:45  Colossus (Chrono Boost)  
  143  15:53  Probe  
  144  16:52  Colossus (Chrono Boost)  
  156  17:00  Colossus (Chrono Boost)  
  156  17:10  Pylon  
  156  17:19  Pylon  
  156  17:21  Pylon  
  150  17:44  Colossus (Chrono Boost)  
  106  18:19  Colossus (Chrono Boost)  
  106  18:21  Colossus (Chrono Boost)  
  106  18:23  Colossus (Chrono Boost)  
  112  18:24  Probe  
  107  18:39  Probe  
Show
View Real Time Build Order
Export as new Build Order

SenseiKensei Protoss 

Build Orders:  

Get SALT Encoding   

  12  0:05  Probe (Chrono Boost)  
  13  0:20  Probe (Chrono Boost)  
  14  0:26  Pylon  
  14  0:36  Probe (Chrono Boost)  
  15  1:00  Probe (Chrono Boost)  
  16  1:11  Pylon  
  16  1:14  Probe (Chrono Boost)  
  17  1:31  Probe (Chrono Boost)  
  18  1:38  Gateway  
  18  1:43  Forge  
  18  1:47  Probe (Chrono Boost)  
  18  1:52  Assimilator  
  19  2:11  Probe (Chrono Boost)  
  20  2:17  Assimilator  
  20  2:38  Probe (Chrono Boost)  
  20  2:43  Nexus, Unknown  
  21  3:02  Pylon  
  21  3:05  Probe (Chrono Boost)  
  22  3:22  Photon Cannon  
  22  3:28  Cybernetics Core  
  22  3:38  Photon Cannon  
  22  3:44  Probe (Chrono Boost)  
  23  3:59  Probe (Chrono Boost)  
  24  4:05  Photon Cannon  
  24  4:23  Unknown  
  24  4:25  Warp Gate (Chrono Boost)  
  24  4:28  Stalker  
  26  4:36  Mothership Core  
  28  5:04  Twilight Council  
  28  5:10  Pylon  
  28  5:14  Stalker  
  30  5:51  Nexus, Unknown  
  30  5:56  Stalker  
  32  6:13  Blink (Chrono Boost)  
  31  6:40  Gateway x2  
  31  7:01  Pylon  
  31  7:30  Gateway  
  31  7:31  Unknown  
  31  7:32  Probe  
  31  7:40  Probe  
  33  7:47  Probe  
  34  7:57  Protoss Ground Armor Level 1 (Chrono Boost), Probe  
  34  8:01  Probe  
  36  8:14  Probe  
  36  8:16  Probe  
  36  8:22  Forge  
  36  8:23  Forge  
  38  8:29  Pylon  
  38  8:31  Probe x2  
  40  8:47  Probe  
  40  8:51  Stalker x2  
  45  8:58  Stalker  
  47  9:09  Protoss Ground Weapons Level 1 (Chrono Boost)  
  47  9:17  Probe  
  47  9:19  Probe  
  49  9:32  Probe  
  49  9:36  Probe  
  51  10:01  Probe  
  52  10:31  Protoss Shields Level 1 (Chrono Boost), Gateway  
  52  10:32  Gateway  
  52  10:35  Pylon  
  52  10:36  Pylon, Stalker  
  52  10:37  Stalker  
  52  10:42  Assimilator  
  56  10:45  Assimilator  
  56  11:10  Stalker x2  
  60  11:13  Nexus, Unknown  
  60  11:40  Gateway  
  60  11:41  Gateway  
  60  11:53  Gateway  
  60  11:54  Gateway  
  60  12:09  Protoss Ground Armor Level 2 (Chrono Boost)  
  60  12:18  Stalker x2  
  63  12:59  Stalker  
  63  13:00  Stalker x2  
  63  13:01  Stalker x3  
  75  13:06  Nexus, Unknown  
  74  13:55  Stalker x5  
  74  13:56  Stalker  
  86  14:12  Pylon  
  86  14:13  Pylon  
  86  14:24  Pylon  
  86  14:26  Pylon  
  77  15:31  Nexus, Unknown  
  77  15:49  Pylon  
  77  15:51  Pylon  
  75  15:54  Pylon  
  75  16:09  Pylon  
  75  16:11  Pylon  
  72  16:24  Pylon  
  72  16:30  Pylon  
  64  16:36  Pylon  
Show
View Real Time Build Order
Export as new Build Order

Myhome Protoss 

Build Orders: Nexus First 

Get SALT Encoding   

  6  0:02  Probe (Chrono Boost)  
  13  0:17  Probe (Chrono Boost)  
  14  0:26  Pylon  
  14  0:31  Probe (Chrono Boost)  
  15  0:51  Probe (Chrono Boost)  
  16  1:06  Probe (Chrono Boost)  
  17  1:21  Probe (Chrono Boost)  
  18  1:30  Nexus, Unknown  
  18  1:36  Probe (Chrono Boost)  
  19  1:48  Pylon  
  19  1:52  Probe (Chrono Boost)  
  20  2:02  Gateway  
  20  2:09  Probe (Chrono Boost)  
  21  2:14  Assimilator  
  21  2:20  Assimilator  
  21  2:24  Probe (Chrono Boost)  
  22  2:39  Probe (Chrono Boost)  
  23  3:08  Cybernetics Core  
  23  3:10  Unknown  
  23  3:13  Probe x2 (Chrono Boost)  
  25  3:21  Forge  
  25  3:28  Probe x2 (Chrono Boost)  
  27  3:43  Probe x2 (Chrono Boost)  
  29  3:54  Pylon  
  29  3:57  Assimilator  
  29  3:58  Probe x2 (Chrono Boost)  
  31  4:04  Assimilator  
  31  4:15  Stargate  
  31  4:22  Stargate  
  32  4:24  Probe (Chrono Boost)  
  32  4:27  Probe (Chrono Boost)  
  33  4:38  Probe (Chrono Boost)  
  33  4:41  Probe (Chrono Boost)  
  35  4:53  Probe (Chrono Boost)  
  36  4:56  Probe (Chrono Boost)  
  37  5:11  Stargate  
  37  5:15  Probe x2 (Chrono Boost)  
  39  5:28  Fleet Beacon  
  39  5:34  Probe x2 (Chrono Boost)  
  41  5:51  Nexus, Unknown  
  42  5:54  Probe (Chrono Boost)  
  42  5:55  Probe (Chrono Boost)  
  43  6:04  Pylon  
  43  6:13  Pylon  
  43  6:21  Pylon  
  43  6:23  Probe x2 (Chrono Boost)  
  45  6:37  Probe (Chrono Boost)  
  45  6:38  Probe (Chrono Boost)  
  45  6:39  Pylon  
  47  6:50  Photon Cannon  
  47  6:52  Probe x2 (Chrono Boost)  
  49  6:57  Photon Cannon  
  49  7:06  Photon Cannon  
  49  7:16  Photon Cannon  
  49  7:20  Pylon, Photon Cannon, Probe x2 (Chrono Boost)  
  51  7:31  Unknown  
  51  7:32  Tempest  
  57  7:39  Probe x3 (Chrono Boost)  
  60  8:01  Photon Cannon  
  60  8:06  Photon Cannon  
  60  8:09  Photon Cannon  
  60  8:11  Probe x3 (Chrono Boost)  
  63  8:23  Assimilator  
  63  8:24  Assimilator  
  63  8:25  Probe x2 (Chrono Boost)  
  65  8:40  Cybernetics Core  
  65  8:44  Twilight Council  
  65  8:47  Protoss Air Weapons Level 1  
  65  8:57  Probe x3 (Chrono Boost)  
  68  9:12  Probe (Chrono Boost)  
  68  9:13  Probe x2 (Chrono Boost)  
  71  9:21  Tempest  
  71  9:22  Tempest x2  
  89  9:41  Stargate  
  89  9:49  Photon Cannon  
  89  9:51  Photon Cannon  
  89  9:57  Photon Cannon x2  
  89  10:21  Tempest  
  89  10:23  Photon Cannon  
  95  10:26  Photon Cannon  
  95  10:33  Photon Cannon  
  95  10:37  Tempest  
  95  10:41  Photon Cannon  
  95  10:42  Tempest  
  107  10:43  Photon Cannon  
  107  10:46  Photon Cannon  
  107  11:16  Probe (Chrono Boost)  
  107  11:17  Probe (Chrono Boost)  
  109  11:24  Pylon  
  109  11:27  Pylon x2  
  109  11:31  Pylon  
  109  11:33  Pylon  
  109  11:36  Pylon  
  109  11:49  Tempest, Probe (Chrono Boost)  
  109  11:52  Tempest  
  122  12:00  Tempest x2  
  134  12:08  Protoss Air Armor Level 1, Protoss Air Weapons Level 2  
  134  12:49  Tempest  
  134  12:52  Tempest  
  146  13:00  Tempest  
  152  14:20  Pylon x2  
  152  14:21  Pylon  
  152  14:22  Pylon  
  152  14:23  Pylon x2  
  152  14:27  Pylon  
  152  14:28  Pylon  
  152  14:45  Tempest x2  
  152  14:46  Tempest  
  152  14:47  Tempest  
  172  15:45  Tempest  
  155  16:40  Stargate  
  155  16:41  Stargate  
  155  16:45  Tempest  
  155  16:52  Stargate  
  138  18:00  Stargate  
  138  18:03  Stargate  
  138  18:18  Pylon  
  138  18:22  Pylon  
  138  18:24  Pylon  
  138  18:25  Pylon  
  138  18:26  Pylon  
  138  18:28  Pylon  
  138  18:29  Pylon  
  138  18:32  Pylon x2  
  138  18:36  Pylon  
Show
View Real Time Build Order
Export as new Build Order

Yata Protoss 

Build Orders:  

Get SALT Encoding   

  6  0:01  Probe (Chrono Boost)  
  13  0:26  Pylon  
  13  0:28  Probe (Chrono Boost)  
  14  0:43  Probe (Chrono Boost)  
  15  1:00  Probe (Chrono Boost)  
  16  1:07  Gateway  
  16  1:15  Probe (Chrono Boost)  
  16  1:17  Assimilator  
  17  1:30  Probe (Chrono Boost)  
  18  1:40  Forge  
  18  1:44  Probe (Chrono Boost)  
  19  2:04  Probe (Chrono Boost)  
  20  2:18  Pylon  
  20  2:20  Probe (Chrono Boost)  
  21  2:31  Cybernetics Core  
  21  2:35  Probe (Chrono Boost)  
  22  3:16  Nexus, Unknown  
  22  3:17  Pylon  
  22  3:23  Stalker  
  24  3:26  Warp Gate  
  24  3:42  Gateway  
  24  3:51  Probe (Chrono Boost)  
  25  4:10  Stalker  
  27  4:15  Protoss Ground Weapons Level 1  
  27  4:19  Probe (Chrono Boost)  
  28  4:40  Photon Cannon  
  28  4:43  Photon Cannon  
  28  4:56  Unknown  
  28  5:05  Stalker x2  
  32  5:27  Assimilator  
  32  5:29  Probe (Chrono Boost)  
  33  5:46  Probe x2 (Chrono Boost)  
  33  5:47  Assimilator  
  35  6:01  Stalker x2  
  39  6:26  Probe (Chrono Boost)  
  39  6:27  Probe (Chrono Boost)  
  41  6:43  Stalker  
  43  6:50  Probe x2 (Chrono Boost)  
  45  7:05  Probe x2 (Chrono Boost)  
  47  7:19  Twilight Council  
  47  7:20  Mothership Core (Chrono Boost)  
  47  7:23  Probe (Chrono Boost)  
  52  7:52  Stalker  
  52  8:02  Probe x2 (Chrono Boost)  
  54  8:17  Pylon  
  54  8:30  Blink  
  54  8:37  Protoss Ground Armor Level 1  
  54  8:44  Stalker  
  56  9:06  Stalker  
  56  9:11  Probe (Chrono Boost)  
  60  9:13  Probe (Chrono Boost)  
  60  9:26  Probe (Chrono Boost)  
  60  9:31  Probe (Chrono Boost)  
  62  9:57  Pylon  
  62  10:00  Pylon  
  62  10:04  Pylon  
  62  10:22  Probe x2 (Chrono Boost)  
  64  10:45  Stalker  
  64  10:46  Stalker  
  68  11:20  Protoss Ground Weapons Level 2  
  68  11:27  Probe x2 (Chrono Boost)  
  70  11:42  Stalker  
  70  11:43  Stalker  
  74  12:23  Stalker  
  74  12:24  Stalker  
  46  14:19  Gateway  
  46  14:20  Gateway  
  46  14:26  Gateway  
  46  14:27  Gateway  
  46  14:29  Gateway  
  46  14:30  Gateway  
  46  14:32  Assimilator  
  46  14:37  Protoss Ground Weapons Level 3  
  46  15:06  Nexus, Unknown  
  46  15:32  Pylon  
  46  15:33  Pylon  
  46  15:35  Pylon  
  46  15:37  Pylon  
  46  16:23  Stalker  
  46  16:24  Stalker x4  
  46  16:25  Stalker x3  
  62  16:57  Stalker x3  
  62  16:58  Stalker x3  
  62  16:59  Stalker  
  72  17:41  Stalker x3  
  50  18:27  Stalker x2  
  50  18:28  Stalker x4  
  50  18:29  Stalker x2  
  66  18:49  Pylon  
  66  18:51  Pylon  
  66  18:52  Pylon  
  66  18:54  Pylon  
  66  18:56  Pylon  
  66  18:57  Pylon  
  66  18:59  Pylon  
  48  19:42  Stalker x2  
  48  19:43  Stalker x3  
  56  19:44  Stalker x2  
  56  19:45  Stalker  
Show
View Real Time Build Order
Export as new Build Order

SHreddedWInd Zerg 

Build Orders: 3 Hatch before Pool 

Get SALT Encoding   

  6  0:02  Drone  
  13  0:14  Drone  
  14  0:49  Hatchery, Unknown  
  14  0:53  Drone  
  14  1:04  Overlord  
  14  1:11  Extractor  
  14  1:12  Extractor  
  12  1:16  Drone  
  12  1:21  Drone  
  15  1:30  Drone  
  17  2:00  Drone  
  18  2:04  Hatchery, Unknown  
  18  2:05  Drone  
  18  2:13  Drone  
  19  2:29  Spawning Pool, Unknown  
  18  2:39  Drone x2  
  18  2:41  Drone  
  21  2:57  Drone x2  
  21  2:58  Extractor  
  22  3:07  Drone  
  22  3:09  Overlord  
  23  3:14  Drone  
  23  3:20  Extractor  
  23  3:23  Drone  
  24  3:36  Queen  
  24  3:37  Spine Crawler  
  25  3:44  Unknown  
  25  3:46  Queen  
  27  3:57  Queen  
  27  4:03  Drone  
  30  4:07  Drone  
  30  4:11  Drone  
  32  4:16  Drone  
  32  4:21  Drone  
  34  4:28  Drone  
  34  4:29  Drone  
  36  4:33  Drone  
  36  4:36  Drone  
  36  4:40  Drone  
  39  4:43  Drone  
  39  4:51  Overlord  
  40  4:58  Overlord  
  40  5:00  Drone  
  41  5:04  Drone  
  41  5:12  Lair  
  42  5:20  Drone  
  42  5:21  Drone x2  
  42  5:22  Drone  
  46  5:26  Drone  
  46  5:29  Drone x2  
  49  5:34  Drone x2  
  49  5:39  Drone x2  
  49  5:41  Drone  
  54  5:44  Drone  
  54  5:48  Overlord  
  54  5:51  Drone  
  56  5:55  Overlord  
  56  5:58  Drone  
  56  6:02  Drone  
  58  6:06  Extractor  
  58  6:07  Drone  
  58  6:08  Extractor  
  57  6:17  Spine Crawler  
  57  6:23  Spine Crawler  
  55  6:24  Drone x2  
  55  6:25  Spine Crawler, Drone  
  55  6:27  Drone  
  55  6:28  Spine Crawler  
  55  6:30  Drone  
  55  6:31  Drone  
  55  6:33  Drone  
  60  6:34  Drone  
  60  6:42  Drone x4  
  65  6:46  Drone x2  
  65  6:48  Drone  
  68  6:57  Drone x2  
  68  6:58  Drone x2  
  68  7:02  Drone x2  
  74  7:10  Extractor  
  74  7:13  Extractor  
  72  7:15  Overlord x3  
  72  7:20  Infestation Pit  
  71  8:11  Spine Crawler  
  70  8:14  Hive  
  70  8:16  Overlord x2  
  70  9:10  Evolution Chamber  
  70  9:11  Evolution Chamber  
  68  9:58  Zerg Melee Weapons Level 1  
  68  10:00  Zerg Ground Armor Level 1  
  68  10:05  Ultralisk Cavern  
  67  10:14  Overlord x2  
  67  10:15  Overlord  
  67  10:16  Overlord x4  
  67  10:55  Spine Crawler  
  67  10:57  Spine Crawler  
  65  11:07  Overlord x2  
  65  11:08  Overlord  
  65  11:09  Overlord x3  
  65  11:11  Chitinous Plating  
  65  11:13  Ultralisk x5  
  89  11:14  Ultralisk x6  
  89  11:15  Ultralisk x2  
  143  12:12  Ultralisk x2  
  143  12:13  Ultralisk x3  
  172  12:55  Ultralisk x4  
  196  14:21  Zerg Ground Armor Level 2, Zerg Melee Weapons Level 2  
  196  15:12  Overlord  
  196  15:26  Burrow  
  180  16:52  Ultralisk x3  
  198  16:56  Ultralisk x20  
  192  17:56  Ultralisk  
  192  18:01  Ultralisk  
  150  18:26  Ultralisk  
  150  18:27  Ultralisk x5  
  150  18:28  Ultralisk x4  
  193  18:47  Ultralisk x8  
  193  18:54  Ultralisk  
  198  19:43  Hatchery, Unknown  
Tags
 
Add a new tag
Caveats
  • Supply blocks, unpowered buildings, or Contaminate may cause inaccurate times.
  • Supply counts are checked every 10 seconds.